 Dungeon Crawl Stone Soup version 0.15-a0-58-gfb3cfe9 (console) character file.

204355 hunterx7d the Bludgeoner (level 17, -1/216 HPs)
             Began as a Demonspawn Gladiator on Apr 4, 2014.
             Was the Champion of Makhleb.
             Slain by an orc warrior (illusionary)
             ... wielding a +2,+2 halberd of freezing
             ... led by an orc knight
              (2 damage)
             ... on Level 1 of the Vaults on Apr 5, 2014.
             The game lasted 03:14:23 (41762 turns).

hunterx7d the Bludgeoner (Demonspawn Gladiator)    Turns: 41762, Time: 03:14:23

HP  -1/216       AC 37     Str 26      XL: 17   Next: 91%
MP   0/31        EV  9     Int 13      God: Makhleb [******]
Gold 2752        SH 28     Dex 15      Spells:  0 memorised, 16 levels left

rFire  + + .     SeeInvis +     u - +2 morningstar (flame)
rCold  . . .     Clarity  .     k - +2 plate armour {rPois}
rNeg   . . .     Conserve +     Z - +0 shield
rPois  +         rCorr    .     v - +2 hat {Spirit}
rElec  +         rRot     .     r - +5 cloak of the Orb {rF+}
SustAb . .       Spirit   +     C - +0 pair of gloves
rMut   .         Warding  .     (boots unavailable)
Saprov . . .     NoTele   +     H - amulet of Intoxi {Cons -Tele rElec MR++ Int+3 Acc+3}
MR     +++..                    D - ring of see invisible
                                L - +6 ring of protection

@: berserking (expiring), very quick, extremely resistant to hostile
enchantments, extremely unstealthy
A: talons 3, rugged brown scales 3, fire resistance 1, nightstalker 1, powered
by death 1
a: Minor Destruction, Lesser Servant of Makhleb, Major Destruction, Greater
Servant of Makhleb, Renounce Religion
}: 1/15 runes: serpentine


You were on level 1 of the Vaults.
You worshipped Makhleb.
Makhleb was exalted by your worship.
You were hungry.

You visited 7 branches of the dungeon, and saw 34 of its levels.

You collected 2752 gold pieces.

Inventory:

Hand weapons
 u - a +2,+2 morningstar of flaming (weapon)
 y - a +1,+2 eveningstar
Missiles
 a - 11 javelins
 e - 8 throwing nets (quivered)
Armour
 j - a fire dragon hide
 k - a +2 plate armour of poison resistance (worn)
 r - the +5 cloak of the Orb (worn) {rF+}
   (You acquired it on level 1 of the Lair of Beasts)

   It protects you from fire.
 v - a +2 hat of spirit shield (worn)
 C - a +0 pair of gloves (worn)
 E - a +2 plate armour
 Z - a +0 shield (worn)
Magical devices
 d - a wand of teleportation (3) {unknown}
 i - a wand of cold (0)
 l - a wand of teleportation (4) {unknown}
 t - a wand of fireball (6)
 K - a wand of lightning (2)
 M - a wand of fire (10)
 N - a wand of enslavement (7) {unknown}
 X - a wand of slowing (12) {unknown}
Comestibles
 f - 3 bread rations
 h - 7 rotting chunks of fire dragon flesh
 n - a pear
 w - 3 meat rations
Scrolls
 g - 4 scrolls of remove curse
 m - 2 scrolls of teleportation
 B - 2 scrolls of enchant weapon I
 G - 2 scrolls of silence
 I - a scroll of blinking
Jewellery
 A - an uncursed ring of poison resistance
 D - a ring of see invisible (right hand)
 H - the amulet of Intoxi (around neck) {Cons -Tele rElec MR++ Int+3 Acc+3}
   (You found it on level 7 of the Lair of Beasts)

   [amulet of conservation]

   It protects your inventory from destruction.
   It affects your intelligence (+3).
   It affects your accuracy with ranged weapons and melee attacks (+3).
   It insulates you from electricity.
   It affects your resistance to hostile enchantments.
   It prevents most forms of teleportation.
 L - a +6 ring of protection (left hand)
 Q - an uncursed amulet of resist mutation {unknown}
Potions
 q - a potion of resistance {unknown}
 J - a potion of confusion {unknown}
 S - 2 potions of poison {unknown}
 V - 6 potions of curing


   Skills:
 + Level 12.4 Fighting
 - Level 16.0 Maces & Flails
 + Level 2.4 Throwing
 + Level 12.9 Armour
 + Level 9.9 Dodging
 * Level 7.7 Stealth
 + Level 12.8 Shields
 - Level 12.0 Invocations
 + Level 2.5 Evocations


You had 16 spell levels left.
You didn't know any spells.

Dungeon Overview and Level Annotations

Branches:
Dungeon (15/15)            Temple (1/1) D:4             Orc (2/4) D:10
   Lair (8/8) D:11         Shoals (2/5) Lair:4        Snake (5/5) Lair:4
  Slime (0/6) Lair:6       Vaults (1/5) D:13         Depths (0/5) D:15

Altars:
Ashenzari
Cheibriados
Dithmenos
Elyvilon
Fedhas
Kikubaaqudgha
Makhleb
Nemelex Xobeh
Okawaru
Sif Muna
Trog
Vehumet
Xom
Yredelemnul
Zin
The Shining One
Beogh
Jiyva

Shops:
D:7 %   Snake:2 (

Annotations:
D:3 ciphuk's ghost, average HOFi
Orc:2 Josephine
Shoals:2 exclusion: Roxanne, Roxanne


Innate Abilities, Weirdness & Mutations

You have claws for feet.
You are completely covered in rugged brown scales (AC +3, +7% HP).
You are slightly more attuned to the shadows.
You can steal the life force of nearby defeated enemies.
Your flesh is heat resistant.


Message History

The orc warrior hits you but does no damage.
The rakshasa hits you but does no damage.
You are too berserk!
You are too berserk!
You closely miss the rakshasa. You claw the rakshasa.
The rakshasa is almost dead.
The rakshasa hits you but does no damage. x2
The rakshasa barely misses you.
The rakshasa gestures.
The rakshasa blinks!
Your shield prevents you from hitting the rakshasa.
You claw the rakshasa!
The rakshasa is almost dead.
You block the orc warrior's attack.
The rakshasa hits you with a great mace.
* * * LOW HITPOINT WARNING * * *
The orc warrior hits you from afar with a halberd of freezing!
* * * LOW HITPOINT WARNING * * *
The orc warrior freezes you.
You die...

#.......#.......#
.......#.......#
########.......#
#.(((...#
########'######
.......).....#
.............#
...........R########
.........§RR@R)?...#
...........#Ro....#
...........#oo....#
+++#######o§....#
#......# #.....%#
#......# #..... #...


You could see 5 rakshasas and 4 orc warriors.

Vanquished Creatures
  The ghost of
  1010011010 the Warrior, a mighty MiGl of Kikubaaqudgha (Shoals:2)
  A fire giant (D:15)
  9 greater nagas
  Aizul (Snake:3)
  Louise (Snake:1)
  A vault warden (Vaults:1)
  Gastronok (D:11)
  A dire elephant (Lair:8)
  3 merfolk impalers (Shoals:2)
  A fire dragon (Vaults:1)
  A great orb of eyes (Vaults:1)
  3 yaktaur captains (Vaults:1)
  An ironheart preserver (Vaults:1)
  Harold (D:15)
  10 anacondas
  12 hydras
  25 naga warriors
  Nessos (D:15)
  An ogre mage (D:11)
  A tengu warrior (D:14)
  11 death yaks
  6 centaur warriors
  A deep troll shaman (Lair:8)
  14 naga sharpshooters
  Urug (D:10)
  7 shock serpents
  An unseen horror (D:14)
  14 skeletal warriors
  A shadow wraith (Vaults:1)
  4 catoblepae
  9 naga ritualists
  A salamander mystic (Snake:4)
  3 sea snakes
  2 hill giants
  A water nymph (Shoals:2)
  The ghost of Gandelf the Ducker, an experienced DDBe of Trog (D:6)
  8 harpies
  A necromancer (Lair:4)
  5 ironbrand convokers (Vaults:1)
  Joseph (Lair:1)
  A wizard (D:14)
  2 orc knights (Vaults:1)
  10 mana vipers
  4 griffons
  26 black mambas
  2 cyclopes
  3 manticores
  15 salamanders
  9 elephants
  A mermaid (Shoals:1)
  5 guardian serpents
  24 naga magi
  A kobold demonologist (D:15)
  2 gargoyles
  4 feature mimics
  2 tengu conjurers
  5 spiny frogs
  A yaktaur (Vaults:1)
  3 fire drakes
  4 komodo dragons
  12 boggarts
  A boggart (shapeshifter) (Vaults:1)
  10 merfolk
  A two-headed ogre (Vaults:1)
  A wind drake (Shoals:1)
  6 ravens
  2 boulder beetles
  13 blink frogs
  A baby alligator (Lair:3)
  4 trolls
  2 slime creatures (D:13)
  3 snapping turtles (Shoals:1)
  4 basilisks
  3 water elementals (Shoals:1)
  A deep elf mage (D:13)
  A hill giant zombie (D:11)
  11 humans
  A spriggan (shapeshifter) (D:13)
  A wyvern (D:12)
  13 hippogriffs
  2 elephant slugs
  25 yaks
  A hog (D:7)
  3 sharks
  18 wolves
  A hungry ghost (D:13)
  16 vampire mosquitoes
  4 wraiths
  A warg (Vaults:1)
  8 ugly things
  A necrophage (D:8)
  A soldier ant (D:15)
  69 nagas
  7 porcupines
  37 water moccasins
  2 ice beasts
  3 black bears
  A swamp drake (Lair:3)
  3 mottled dragons
  5 phantoms
  13 centaurs
  13 orc warriors
  2 sky beasts
  8 ogres
  A manticore skeleton (D:13)
  A yellow wasp (D:12)
  8 crocodiles
  A boring beetle (Lair:8)
  3 big kobolds
  11 giant slugs
  21 giant frogs
  A wyvern skeleton (D:10)
  7 scorpions
  5 killer bees (D:8)
  An electric eel (Lair:4)
  4 wights (D:12)
  4 jellies
  10 crimson imps
  4 goliath beetles
  A quasit (D:9)
  A big fish (Lair:4)
  8 hounds
  24 orc wizards
  17 orc priests
  2 polar bear simulacra (Lair:4)
  7 worker ants
  Natasha (thrice) (D:6)
  11 iguanas
  4 wolf simulacra (Lair:4)
  A sheep (D:7)
  3 yak simulacra (Lair:4)
  Ijyb (D:6)
  2 ogre skeletons
  A hound skeleton (D:6)
  A mottled dragon skeleton (D:13)
  36 adders
  9 gnolls
  71 green rats
  A worm zombie (D:6)
  2 giant mites
  An orc skeleton (Orc:2)
  A shadow imp (D:10)
  10 worms
  An inept feature mimic (Lair:1)
  An orc simulacrum (Orc:2)
  2 orc zombies
  2 adder skeletons
  3 giant eyeballs
  13 giant geckos
  4 oozes
  139 orcs
  3 ball pythons
  5 giant cockroaches
  27 hobgoblins
  29 kobolds
  9 quokkas
  23 bats
  5 giant newts
  15 goblins
  2 green rat simulacra (Lair:4)
  15 jackals
  A quokka skeleton (D:7)
  19 rats
  A spectral orc (D:4)
  3 ballistomycetes
  A butterfly (D:4)
  2 fungi (Lair:8)
  A plant (Lair:7)
1253 creatures vanquished.

Vanquished Creatures (collateral kills)
  Rupert (D:12)
  2 orc knights
  A raven (D:10)
  2 slime creatures (D:12)
  A boulder beetle (D:13)
  A wyvern (D:13)
  5 humans
  An orc priest (Orc:2)
  10 orcs (Orc:2)
  A goblin (Orc:2)
25 creatures vanquished.

Vanquished Creatures (others)
  A naga mage (Snake:5)
  An orange demon (D:11)
  A human (D:13)
  A water moccasin (Lair:6)
  3 green rats (Lair:7)
  4 orcs (Orc:2)
  2 giant spores
  3 fungi (Lair:8)
  3 plants
19 creatures vanquished.

Grand Total: 1297 creatures vanquished

Notes
Turn   | Place    | Note
--------------------------------------------------------------
     0 | D:1      | hunterx7d, the Demonspawn Gladiator, began the quest for the Orb.
     0 | D:1      | Reached XP level 1. HP: 16/16 MP: 1/1
    60 | D:1      | Reached skill level 3 in Maces & Flails
   138 | D:1      | Gained mutation: You have sharp toenails. [demonic ancestry]
   138 | D:1      | Reached XP level 2. HP: 20/22 MP: 2/2
   684 | D:2      | Reached XP level 3. HP: 22/27 MP: 3/3
  1214 | D:2      | Found a burning altar of Makhleb.
  1231 | D:2      | Reached skill level 1 in Armour
  1231 | D:2      | Gained mutation: You are partially covered in rugged brown scales (AC +1, +3% HP). [demonic ancestry]
  1231 | D:2      | Reached XP level 4. HP: 18/33 MP: 4/4
  1239 | D:2      | Became a worshipper of Makhleb the Destroyer
  1613 | D:2      | Found a shadowy altar of Dithmenos.
  1738 | D:3      | Reached XP level 5. HP: 35/39 MP: 5/5
  1759 | D:3      | Acquired Makhleb's first power
  1766 | D:3      | Reached skill level 4 in Maces & Flails
  2031 | D:3      | Noticed ciphuk's ghost (average HOFi)
  2466 | D:3      | Acquired Makhleb's second power
  3102 | D:4      | Found a basalt altar of Yredelemnul.
  3290 | D:4      | Noticed a phantom
  3308 | D:4      | Reached skill level 1 in Invocations
  3308 | D:4      | Gained mutation: You have razor-sharp toenails. [demonic ancestry]
  3308 | D:4      | Reached XP level 6. HP: 23/45 MP: 6/6
  3398 | D:4      | Killed a phantom
  3431 | D:4      | Found a staircase to the Ecumenical Temple.
  3436 | Temple   | Entered the Ecumenical Temple
  3600 | D:4      | Noticed a black bear
  3607 | D:4      | Killed a black bear
  3607 | D:4      | Gained mutation: You are slightly more attuned to the shadows. [demonic ancestry]
  3607 | D:4      | Reached XP level 7. HP: 42/52 MP: 7/9
  4008 | D:5      | Entered Level 5 of the Dungeon
  4125 | D:5      | Acquired Makhleb's third power
  4159 | D:5      | Reached skill level 5 in Maces & Flails
  4415 | D:5      | Reached XP level 8. HP: 57/59 MP: 13/13
  4825 | D:6      | Noticed Natasha
  4839 | D:6      | Killed Natasha
  4839 | D:6      | Reached skill level 5 in Dodging
  5012 | D:6      | Noticed Ijyb
  5025 | D:6      | Killed Ijyb
  5025 | D:6      | Reached skill level 6 in Maces & Flails
  5108 | D:6      | Noticed Natasha
  5115 | D:6      | Killed Natasha
  5175 | D:6      | Acquired Makhleb's fourth power
  5373 | D:6      | Noticed Natasha
  5378 | D:6      | Killed Natasha
  5398 | D:6      | Noticed Gandelf's ghost (experienced DDBe)
  5705 | D:6      | Killed Gandelf's ghost
  5705 | D:6      | Reached skill level 7 in Maces & Flails
  5705 | D:6      | Reached skill level 5 in Invocations
  5705 | D:6      | Reached XP level 9. HP: 64/66 MP: 15/17
  5954 | D:7      | Reached skill level 5 in Armour
  5985 | D:7      | Reached skill level 1 in Stealth
  6168 | D:7      | Found a radiant altar of Vehumet.
  6458 | D:7      | Found Kesum's Food Shop.
  6682 | D:8      | Acquired Makhleb's fifth power
  6730 | D:8      | Reached skill level 8 in Maces & Flails
  6884 | D:8      | Paralysed by a giant eyeball for 2 turns
  8111 | D:9      | Gained mutation: You can steal the life force of nearby defeated enemies. [demonic ancestry]
  8111 | D:9      | Reached XP level 10. HP: 73/73 MP: 21/21
  8362 | D:9      | Found a white marble altar of Elyvilon.
  8532 | D:10     | Entered Level 10 of the Dungeon
  8605 | D:10     | Found a staircase to the Orcish Mines.
  8884 | D:10     | Reached skill level 9 in Maces & Flails
  8922 | D:10     | Noticed Urug
  8946 | D:10     | Killed Urug
  9180 | D:10     | Noticed a hill giant
 10156 | D:10     | Reached skill level 5 in Fighting
 10172 | D:11     | Noticed Gastronok
 10251 | Orc:1    | Entered Level 1 of the Orcish Mines
 11358 | Orc:1    | Reached skill level 10 in Maces & Flails
 11358 | Orc:1    | Reached XP level 11. HP: 81/81 MP: 23/23
 11747 | Orc:2    | Found a roughly hewn altar of Beogh.
 11907 | Orc:2    | Noticed Josephine
 12423 | D:10     | Noticed a centaur warrior
 12433 | D:10     | Killed a centaur warrior
 12867 | D:11     | Killed Gastronok
 12867 | D:11     | Reached skill level 1 in Evocations
 13037 | D:11     | Noticed a manticore
 13050 | D:11     | Killed a manticore
 13263 | D:11     | Found a staircase to the Lair.
 13408 | D:11     | Noticed an ogre mage
 13408 | D:11     | Noticed an orc knight
 13410 | D:11     | Noticed a catoblepas
 13461 | Lair:1   | Entered Level 1 of the Lair of Beasts
 13521 | Lair:1   | Noticed Joseph
 13559 | Lair:1   | Killed Joseph
 13559 | Lair:1   | Reached skill level 11 in Maces & Flails
 14505 | D:11     | Killed an orc knight
 14541 | D:11     | Noticed a hill giant
 15311 | D:11     | Killed an ogre mage
 15311 | D:11     | Gained mutation: You have claws for feet. [demonic ancestry]
 15311 | D:11     | Reached XP level 12. HP: 86/90 MP: 22/25
 15768 | D:11     | Killed a hill giant
 15768 | D:11     | Reached skill level 10 in Invocations
 16026 | D:12     | Reached skill level 12 in Maces & Flails
 16708 | D:12     | Got an ominously black robe
 16722 | D:12     | Identified the -2 robe of Disaster {Acc+4 Stlth+} (You found it on level 12 of the Dungeon)
 16890 | D:13     | Found a gate to the Vaults.
 16890 | D:13     | Noticed Rupert
 16949 | D:11     | Killed a catoblepas
 17950 | Lair:3   | Noticed a four-headed hydra
 17956 | Lair:3   | Killed a four-headed hydra
 18503 | Lair:3   | Found a staircase to the Swamp.
 18525 | Lair:3   | the staircase to the Swamp was a mimic.
 18532 | Lair:3   | Reached skill level 13 in Maces & Flails
 19295 | Lair:4   | Found a staircase to the Snake Pit.
 19325 | Lair:4   | Noticed a four-headed hydra
 19335 | Lair:4   | Killed a four-headed hydra
 19335 | Lair:4   | Reached XP level 13. HP: 77/98 MP: 16/27
 20458 | Lair:4   | Found a staircase to the Shoals.
 21528 | Lair:5   | You fall through a shaft for 2 floors!
 22285 | Lair:5   | Reached skill level 14 in Maces & Flails
 22456 | Lair:6   | Found a viscous altar of Jiyva.
 22457 | Lair:6   | Found a staircase to the Slime Pits.
 22528 | Lair:6   | Found a staircase to the Snake Pit.
 22541 | Lair:6   | the staircase to the Snake Pit was a mimic.
 23477 | Lair:7   | Reached skill level 10 in Armour
 23775 | Lair:7   | Reached skill level 1 in Shields
 24513 | Lair:7   | Gained mutation: You are mostly covered in rugged brown scales (AC +2, +5% HP). [demonic ancestry]
 24513 | Lair:7   | Reached XP level 14. HP: 101/111 MP: 27/29
 24685 | Lair:7   | Got a pitted diamond amulet
 24688 | Lair:7   | Identified the amulet of Intoxi {Cons -Tele rElec MR++ Int+3 Acc+3} (You found it on level 7 of the Lair of Beasts)
 24777 | Lair:8   | Entered Level 8 of the Lair of Beasts
 26476 | Lair:8   | Reached skill level 5 in Shields
 27134 | D:12     | Killed Rupert
 27134 | D:12     | Reached skill level 15 in Maces & Flails
 29007 | D:14     | Gained mutation: You are completely covered in rugged brown scales (AC +3, +7% HP). [demonic ancestry]
 29007 | D:14     | Reached XP level 15. HP: 110/121 MP: 25/30
 29342 | D:15     | Entered Level 15 of the Dungeon
 29682 | D:15     | Noticed Harold
 29692 | D:15     | Killed Harold
 29799 | D:15     | Found an ancient bone altar of Kikubaaqudgha.
 29903 | D:15     | Noticed Nessos
 29915 | D:15     | Killed Nessos
 30478 | D:15     | Found a staircase to the Depths.
 30839 | Lair:1   | Identified a scroll of acquirement
 30840 | Lair:1   | Got a fine cloak
 30843 | Lair:1   | Identified the +5 cloak of the Orb {rF+} (You acquired it on level 1 of the Lair of Beasts)
 30922 | Snake:1  | Entered Level 1 of the Snake Pit
 31490 | Snake:1  | Noticed Louise
 31528 | Snake:1  | Killed Louise
 31729 | Snake:1  | Reached skill level 10 in Fighting
 32020 | Snake:2  | Reached skill level 16 in Maces & Flails
 32484 | Snake:2  | Found Psachufu's Antique Weapon Emporium.
 33076 | Snake:3  | Found a white marble altar of Elyvilon.
 33539 | Snake:3  | Got a pair of slimy gloves
 33543 | Snake:3  | Identified the -4 pair of gloves of Boredom {rF+ Str-2 Int+3} (You acquired it on level 3 of the Snake Pit)
 33571 | Snake:3  | Noticed Aizul
 33594 | Snake:3  | Killed Aizul
 33907 | Snake:3  | Reached XP level 16. HP: 132/132 MP: 27/31
 34428 | Snake:4  | Reached skill level 10 in Shields
 36211 | Snake:5  | Entered Level 5 of the Snake Pit
 37419 | Snake:5  | Reached skill level 5 in Stealth
 37525 | Snake:5  | Reached XP level 17. HP: 95/142 MP: 10/31
 38357 | Snake:5  | Got a serpentine rune of Zot
 38821 | Shoals:1 | Entered Level 1 of the Shoals
 38986 | Shoals:2 | Noticed 1010011010's ghost (mighty MiGl)
 39035 | Shoals:2 | Killed 1010011010's ghost
 39641 | Shoals:1 | Gained mutation: Your flesh is heat resistant. [potion of beneficial mutation]
 40489 | Shoals:2 | Noticed Roxanne
 40847 | Vaults:1 | Entered Level 1 of the Vaults
 41762 | Vaults:1 | HP: 9/216 [rakshasa/great mace (5)]
 41762 | Vaults:1 | HP: 1/216 [orc warrior (illusionary)/halberd of freezing[an orc knight] (8)]
 41762 | Vaults:1 | Slain by an orc warrior (illusionary)

Action                   |  1- 3 |  4- 6 |  7- 9 | 10-12 | 13-15 | 16-18 || total
-------------------------+-------+-------+-------+-------+-------+-------++-------
Melee: Flail             |    72 |     8 |     4 |       |       |       ||    84
       Whip              |    37 |   179 |   257 |       |       |       ||   473
       Morningstar       |       |     9 |   247 |  1149 |  2015 |  1657 ||  5077
       Eveningstar       |       |       |       |    17 |       |       ||    17
Throw: Throwing net      |       |     2 |       |     9 |     3 |     1 ||    15
       Dart              |       |     2 |       |       |       |       ||     2
       Javelin           |       |       |       |     2 |       |       ||     2
Invok: Minor Destruction |       |     1 |     1 |     1 |     1 |     3 ||     7
       Lesser Servant of |       |       |       |     2 |       |       ||     2
       Greater Servant o |       |       |       |       |     1 |       ||     1
Evoke: Wand              |       |       |     3 |     6 |    12 |     9 ||    30
  Use: Scroll            |       |    11 |    10 |    15 |    14 |     6 ||    56
       Potion            |       |     1 |     2 |    13 |     4 |    12 ||    32
 Stab: Invisible         |       |       |     3 |     3 |     3 |     1 ||    10
       Confused          |       |       |       |     1 |       |       ||     1
       Distracted        |       |       |       |       |     4 |       ||     4
